 Dungeon Crawl Stone Soup version 0.32-a0-43-g058985b245 (webtiles) character file.

Game seed: 6789362301891679180

18573 Obelisk the Fighter (level 12, 0/172 HPs)
             Began as a Grey Draconian Conjurer on Feb 3, 2024.
             Was an Elder of Vehumet.
             Succumbed to a cane toad's poison
             ... on level 1 of the Lair of Beasts.
             The game lasted 00:41:02 (22065 turns).

Obelisk the Fighter (Grey Draconian Conjurer)      Turns: 22065, Time: 00:41:03

Health: 0/172      AC: 26    Str: 11    XL:     12   Next: 28%
Magic:  8/36       EV:  2    Int: 23    God:    Vehumet [****..]
Gold:   883        SH:  0    Dex:  9    Spells: 11/33 levels left

rFire   + . .        m - +2 dagger (vamp)
rCold   . . .        (no shield)
rNeg    . . .        (body armour unavailable)
rPois   +            G - melded +2 hat
rElec   .            f - melded +1 cloak
rCorr   .            t - melded +0 pair of gloves
SInv    .            B - melded +1 pair of boots of Mupa {Str+2 Slay+3}
Will    .....        (no amulet)
Stlth   ++           r - ring of magical power {MP+9}
HPRegen 0.48/turn    F - ring of protection from fire {rF+}
MPRegen 0.25/turn

%: no passive effects
@: brilliant, lethally poisoned (0 -> -8), tree-form, attractive, very slightly
contaminated, hasted, invisible, very quick
A: stationary, stasis, torment immunity, boosted hp, AC +13, (amphibious),
unfitting armour, (cold-blooded)
a: Renounce Religion


You were on level 1 of the Lair of Beasts.
You worshipped Vehumet.
Vehumet was greatly pleased with you.
You were a tree.
You visited 2 branches of the dungeon, and saw 13 of its levels.
You also visited: Sewer, Ossuary and Bailey.

You collected 883 gold pieces.

Inventory:

Hand Weapons
 m - a +2 vampiric dagger (weapon)
   (You took it off a goblin on level 3 of the Dungeon)
Missiles
 l - 2 throwing nets {=f, !d}
Armour
 f - a +1 cloak (melded)
   (You found it on level 1 of the Dungeon)
 t - a +0 pair of gloves (melded)
   (You found it on level 7 of the Dungeon)
 B - the +1 pair of boots of Mupa (melded) {Str+2 Slay+3}
   (You found it on level 6 of the Dungeon)

   Str+2:     It affects your strength (+2).
   Slay+3:    It affects your accuracy & damage with ranged weapons and melee
   (+3).
 G - a +2 hat (melded)
   (You found it on level 8 of the Dungeon)
Jewellery
 a - an amulet of reflection
   (You found it on level 1 of the Lair of Beasts)
 r - a ring of magical power (left branch) {MP+9}
   (You found it on level 4 of the Dungeon)
 w - an amulet of guardian spirit
   (You took it off Erica on level 9 of the Dungeon)
 F - a ring of protection from fire (right branch) {rF+}
   (You found it on level 3 of the Dungeon)
Wands
 j - a wand of flame (78)
   (You took it off Ijyb on level 3 of the Dungeon)
 y - a wand of acid (5)
   (You found it on level 7 of the Dungeon)
 D - a wand of digging (8)
   (You found it on level 8 of the Dungeon)
 E - a wand of paralysis (11)
   (You took it off a gnoll on level 8 of the Dungeon)
Scrolls
 i - a scroll of silence
 k - a scroll of immolation {!r}
 n - a scroll of blinking {!r!d}
 q - 2 scrolls of amnesia
 s - 3 scrolls of fog
 u - 2 scrolls of revelation
 A - a scroll of summoning
Potions
 c - 4 potions of degeneration {!q}
 d - 4 potions of lignification {!q}
 e - 4 potions of mutation {!q}
 h - 2 potions of attraction {!q}
 v - 2 potions of haste
 z - a potion of brilliance
 C - 2 potions of ambrosia


   Skills:
 * Level 13.0 Fighting
 + Level 7.7 Dodging
 - Level 1.7 Stealth
 * Level 11.3 Spellcasting
 + Level 9.2 Conjurations


You had 11 spell levels left.
You knew the following spells:

 Your Spells              Type           Power      Damage    Failure   Level
a - Magic Dart            Conj           100%       1d8       1%          1
b - Iskenderun's Battles  Conj           70%        2d12      1%          5
c - Stone Arrow           Conj/Erth      100%       3d13      1%          3
i - Inner Flame           Hex/Fire       19%        N/A       4%          3
s - Searing Ray           Conj           100%       2d8       1%          2
z - Fulminant Prism       Conj/Alch      25%        3d14      2%          4
Z - Iskenderun's Mystic   Conj/Tloc      51%        2d11      2%          4

Your spell library contained the following spells:

 Spells                   Type           Power      Damage    Failure   Level
 Mephitic Cloud           Conj/Alch/Air  40%        N/A       1%          3
 Kiss of Death            Conj/Necr      100%       2d13      1%          1
 Static Discharge         Conj/Air       100%       3-8/arc   1%          2
 Summon Small Mammal      Summ           76%        N/A       4%          1
 Volatile Blastmotes      Fire/Tloc      38%        2d13      4%          3
 Arcjolt                  Conj/Air       25%        1d35      5%          5
 Irradiate                Conj/Alch      25%        3d20      5%          5
 Call Imp                 Summ           38%        N/A       8%          2
 Call Canine Familiar     Summ           19%        N/A       16%         3
 Confusing Touch          Hex            19%        N/A       16%         3
 Fugue of the Fallen      Necr           19%        N/A       16%         3
 Ozocubu's Armour         Ice            19%        N/A       16%         3
 Sigil of Binding         Hex            19%        N/A       16%         3
 Dimensional Bullseye     Hex/Tloc       9%         N/A       45%         4
 Dispel Undead            Necr           19%        3d11      45%         4
 Manifold Assault         Tloc           19%        N/A       45%         4
 Petrify                  Alch/Erth      19%        N/A       45%         4
 Summon Hydra             Summ           9%         N/A       100%        7
 Ignition                 Fire           9%         3d5       100%        8
 Lehudib's Crystal Spear  Conj/Erth      25%        10d7      100%        8
 Animate Armour           Summ/Erth      Unusable   N/A       N/A         4

Dungeon Overview and Level Annotations

Branches:
Dungeon (12/15) Zot: 26696  Temple (0/1) D:7            Lair (1/5) D:11 Zot: 4567
    Orc (0/2) D:10          Sewer (visited)         Ossuary (visited)
 Bailey (visited)

Altars:
Ashenzari
Elyvilon
Gozag
Hepliaklqana
Makhleb
Okawaru
Qazlal
Ru
Sif Muna
Trog
Vehumet
Wu Jian
Yredelemnul
Zin
The Shining One

Annotations:
D:10 1 runed translucent door, mightbedylan's ghost, journeyman SpEn
D:12 Frances


Innate Abilities, Weirdness & Mutations

You are a tree.
Your roots penetrate the ground, keeping you stationary.
You cannot be teleported.
You are immune to unholy pain and torment.
Your maximum health is greatly increased.
Your equipment is partially melded.
((Your dull iron-grey scales are very hard. (AC +13)))
((You are amphibious.))
You cannot fit into any form of body armour.
((You are cold-blooded and may be slowed by cold attacks.))


Message History

You feel extremely sick. The cane toad barely misses you.
You take 8 damage, and have 31/113 hp.
Aiming: Magic Dart (safe; 1% risk of failure)
Press: ? - help, Q - select action, (/) - cycle Shift-Dir - straight line, f/p - cane toad
Aim: a cane toad (severely wounded, inner flame, unable to see you, 100% to hit)
The magic dart hits the cane toad but does no damage.
Your attack snaps the cane toad out of its fear.
* * * LOW HITPOINT WARNING * * *
You feel extremely sick.
Your battlesphere fires!
The barrage of energy hits the cane toad!
Flame seeps out of the cane toad.
The cane toad is engulfed in blazing flames.
Vehumet accepts your kill.
You feel your power returning.
The cane toad explodes!
The fiery explosion engulfs the komodo dragon!!
The fiery explosion engulfs you! You resist.
* * * LOW HITPOINT WARNING * * *
The fiery explosion engulfs the wolf!!
Vehumet accepts your kill.
You feel your power returning.
The wolf explodes!
The fiery explosion engulfs the komodo dragon!!
You kill the komodo dragon!
Vehumet accepts your kill.
You feel your power returning.
The fiery explosion engulfs the black mamba!!
Flame seeps out of the black mamba.
Your attack snaps the black mamba out of its fear.
The black mamba is engulfed in blazing flames.
Flame seeps out of the black mamba.
A wyvern comes into view.
You hear a howl!
You take 19 damage, and have 12/113 hp.
You regained 3 mp, and now have 4/36 mp.
* * * LOW HITPOINT WARNING * * *
You feel very sick.
You hear a croak.
Your battlesphere is engulfed in blazing flames.
The black mamba is engulfed in blazing flames.
Vehumet accepts your kill.
The black mamba explodes!
Vehumet accepts your kill.
You feel your power returning.
You feel a bit more experienced.
Your battlesphere is engulfed in blazing flames. x2
Your Fighting skill increases to level 13!
You take 4 damage, and have 8/115 hp.
You regained 3 mp, and now have 7/36 mp.
Okay, then.
Okay, then.
Really quaff
d - 5 potions of lignification {!q}?
Really quaff the potion of lignification?
You turn into a tree.
Your +1 cloak melds into your body.
Your +2 hat melds into your body.
Your +0 pair of gloves melds into your body.
The +1 pair of boots of Mupa {Str+2 Slay+3} melds into your body.
Your roots penetrate the ground.
* * * LOW HITPOINT WARNING * * *
You feel very sick.
Your battlesphere is engulfed in blazing flames.
You now have 7/172 hp.
Okay, then.
It was a potion of haste.
You feel yourself speed up.
* * * LOW HITPOINT WARNING * * *
You feel very sick.
Your battlesphere is engulfed in blazing flames.
A water moccasin comes into view.
Your battlesphere is engulfed in blazing flames.
The water moccasin is engulfed in blazing flames.
Your battlesphere is engulfed in blazing flames.
You take 3 damage, and have 4/172 hp.
It was a potion of brilliance.
You feel clever all of a sudden.
* * * LOW HITPOINT WARNING * * *
You feel sick.
Your battlesphere is engulfed in blazing flames.
The water moccasin is engulfed in blazing flames.
Your battlesphere is engulfed in blazing flames.
The wyvern is engulfed in blazing flames.
You take 2 damage, and have 2/172 hp.
It was a potion of attraction.
You feel attractive to monsters.
* * * LOW HITPOINT WARNING * * *
You feel sick.
Your battlesphere is engulfed in blazing flames.
The water moccasin bites your battlesphere!
Your battlesphere is destroyed!
The water moccasin is attracted toward you.
The rime drake is attracted toward you. The wyvern is attracted toward you.
You take 1 damage, and have 1/172 hp.
Okay, then.
Okay, then.
Okay, then.
Okay, then.
Okay, then.
As you read the scroll of summoning, it crumbles to dust.
Wisps of shadow whirl around you...
You die...

########## ##
##.≈....≈.#######.#
##...~..≈...##.....
###.~..~..≈..≈.#.#.#
.##..~†^~†..~..#..### ##
##...########...#.#.##...##
##..## ##^.##.........
#[≈## ##FF#####...## #.##
##♣## ## ..# #Sk# .## ##k#
. †k# . k#§# . F##§# . .k
..# # .. .## .. .


You could see a rime drake (wandering, inner flame, unable to see you, ally
target), a water moccasin (unaware, unable to see you, ally target), a wyvern
(wandering, unable to see you), a friendly cane toad (summoned), a friendly rime
drake (summoned) and a friendly bullfrog (summoned).

Vanquished Creatures
  Erica (D:9)
  A two-headed ogre (D:10)
  An orc high priest (Bailey)
  A skyshark (Lair:1)
  An orc knight (Bailey)
  2 black mambas (Lair:1)
  Joseph (D:7)
  4 cane toads (Lair:1)
  2 kobold demonologists (Bailey D:10)
  2 rime drakes (Lair:1)
  An unseen horror (D:10)
  6 komodo dragons (Lair:1)
  A troll (D:10)
  A hornet (D:9)
  7 blink frogs (Lair:1)
  A wraith (D:11)
  Sigmund (D:6)
  A warg (D:11)
  10 yaks (D:8 D:7 D:10 Lair:1)
  3 steam dragons (D:10 D:11)
  3 vampire mosquitoes (D:11)
  An acid dragon (D:11)
  5 water moccasins (D:7 Lair:1)
  16 orc warriors (D:9 Bailey D:10)
  A black bear (Lair:1)
  2 ogres (D:4 D:5)
  9 wolves (D:11 Lair:1)
  3 centaurs (D:5 D:7 D:11)
  A phantom (D:5)
  A kobold brigand (D:9)
  3 gnoll sergeants (D:8 D:9 D:11)
  6 bullfrogs (D:6 D:8 D:9 Lair:1)
  3 scorpions (D:4 D:5)
  2 water moccasin zombies (Ossuary)
  A burial acolyte (Ossuary)
  7 killer bees (D:9)
  3 electric eels (Bailey)
  4 bombardier beetles (D:5 D:6 D:7)
  2 howler monkeys (D:9 D:10)
  A jelly (D:8)
  6 hounds (D:5 D:4 D:7)
  3 orc priests (D:10 D:11)
  A gnoll bouda (D:4)
  A sleepcap (D:6)
  2 spectral scorpions (Ossuary)
  Ijyb (D:3)
  2 iguanas (D:5 D:6)
  13 orc wizards (D:4 D:7 D:9 D:10 D:11)
  A hell rat (Sewer)
  2 mummies (Ossuary)
  24 gnolls (D:4 D:5 D:6 D:8 Bailey)
  9 adders (D:3 D:4 D:5)
  A river rat (Sewer)
  2 shadow imps (D:5 D:7)
  A white imp (D:8)
  2 ufetubi (D:6)
  2 adder zombies (Ossuary)
  2 dart slugs (D:2 D:4)
  2 ribbon worms (D:2 D:5)
  51 orcs (D:3 D:4 D:5 D:6 D:7)
  8 ball pythons (D:1 D:2 D:3 D:4 D:5)
  8 endoplasms (D:1 D:2 D:3 D:4)
  3 giant cockroaches (D:1 D:2)
  9 gnoll zombies (Ossuary)
  29 goblins (D:1 D:2 D:3 D:4 D:9)
  16 hobgoblins (D:1 D:2 D:3 D:4 Bailey)
  17 jackals (D:1 D:2 D:4)
  7 quokkas (D:1 D:2 D:4 D:5)
  3 bats (D:1 D:3)
  A frilled lizard (D:1)
  A jackal zombie (Ossuary)
  12 kobolds (D:1 D:2 D:3 D:4 D:5)
  5 orc zombies (Ossuary)
  13 rats (D:1 D:2 D:3 D:5 Sewer)
  6 fulminant prisms (D:8 Bailey D:11 Lair:1)
388 creatures vanquished.

Vanquished Creatures (collateral kills)
  A jelly (D:7)
1 creature vanquished.

Vanquished Creatures (others)
  62 fulminant prisms (D:5 D:6 D:7 D:8 D:9)
62 creatures vanquished.

Grand Total: 451 creatures vanquished

Notes
Turn   | Place    | Note
-------+----------+-------------------------------------------
     0 | D:1      | Obelisk the Draconian Conjurer began the quest for the Orb.
     0 | D:1      | Reached XP level 1. HP: 14/14 MP: 3/3
   243 | D:1      | HP: 7/15 [constriction (1)]
   299 | D:1      | Reached skill level 1 in Fighting
   299 | D:1      | Reached XP level 2. HP: 23/23 MP: 1/5
   666 | D:1      | Reached skill level 2 in Dodging
   915 | D:1      | Learned a level 2 spell: Searing Ray
  1259 | D:1      | Reached XP level 3. HP: 26/27 MP: 3/6
  1692 | D:2      | Reached skill level 2 in Fighting
  1795 | D:2      | Found a faded altar of an unknown god.
  2386 | D:2      | Reached XP level 4. HP: 36/36 MP: 4/8
  2866 | D:3      | Noticed Ijyb
  2897 | D:3      | Killed Ijyb
  2898 | D:3      | Reached skill level 3 in Spellcasting
  3407 | D:3      | Reached XP level 5. HP: 44/44 MP: 7/9
  3451 | D:3      | Reached skill level 3 in Fighting
  3550 | D:3      | Found a broken altar of Ashenzari.
  3633 | D:3      | Found an opulent altar of Gozag.
  4203 | D:4      | Found a sand-covered staircase.
  4208 | Ossuary  | Entered an ossuary
  4427 | Ossuary  | Reached XP level 6. HP: 52/52 MP: 1/11
  4539 | Ossuary  | HP: 25/51 [burial acolyte/+0 dagger (3)]
  4541 | Ossuary  | Reached skill level 4 in Fighting
  4541 | Ossuary  | Reached skill level 4 in Spellcasting
  4925 | Ossuary  | Reached skill level 3 in Dodging
  5348 | Ossuary  | Identified the +0 quarterstaff of Wodeaj {heavy, rElec
                  | rPois Will- rCorr}
  5557 | D:4      | Your scales start taking on a dull iron-grey colour.
  5557 | D:4      | Reached XP level 7. HP: 58/58 MP: 9/13
  5596 | D:4      | Reached skill level 5 in Conjurations
  5734 | D:4      | Learned a level 4 spell: Iskenderun's Mystic Blast
  5911 | D:4      | Found a shimmering blue altar of Sif Muna.
  6213 | D:4      | Reached skill level 5 in Fighting
  6695 | D:5      | Entered Level 5 of the Dungeon
  6813 | D:5      | Reached skill level 5 in Spellcasting
  6911 | D:5      | Found a glowing drain.
  6951 | Sewer    | Entered a sewer
  7025 | Sewer    | Reached XP level 8. HP: 43/70 MP: 11/15
  7430 | D:5      | Identified the amulet of the Cast Vote {Spirit rF+ Will++}
  7553 | D:5      | Found a radiant altar of Vehumet.
  7569 | D:5      | Became a worshipper of Vehumet
  7596 | D:5      | Learned a level 4 spell: Fulminant Prism
  7652 | D:5      | Found an ornate altar of the Wu Jian Council.
  7659 | D:5      | Reached skill level 6 in Fighting
  8443 | D:5      | Found a stormy altar of Qazlal.
  8501 | D:5      | Reached skill level 4 in Dodging
  8837 | D:6      | HP: 34/71 [gnoll/+0 whip (3)]
  9091 | D:6      | Noticed Sigmund
  9102 | D:5      | Reached skill level 6 in Spellcasting
 10192 | D:6      | Killed Sigmund
 10193 | D:6      | Reached skill level 7 in Fighting
 10193 | D:6      | Reached skill level 6 in Conjurations
 10681 | D:6      | Found a sacrificial altar of Ru.
 10770 | D:6      | Identified the +1 pair of boots of Mupa {Str+2 Slay+3}
 10988 | D:6      | Learned a level 3 spell: Inner Flame
 11535 | D:7      | Noticed Joseph
 11563 | D:7      | Killed Joseph
 11564 | D:7      | Reached XP level 9. HP: 55/80 MP: 0/19
 11867 | D:7      | HP: 40/80 [centaur/arrow (6)]
 11872 | D:7      | HP: 40/80 [centaur/arrow (2)]
 12075 | D:7      | Found a staircase to the Ecumenical Temple.
 12094 | D:7      | Identified the +7 falchion "Ischommi" {freeze, rElec}
 12125 | D:7      | Reached skill level 7 in Spellcasting
 12359 | D:7      | Found a white marble altar of Elyvilon.
 12359 | D:7      | Found a glowing silver altar of Zin.
 12360 | D:7      | Found a glowing golden altar of the Shining One.
 12896 | D:8      | Reached * piety under Vehumet
 12896 | D:8      | Offered knowledge of Sting by Vehumet.
 12897 | D:8      | Reached skill level 8 in Fighting
 13105 | D:8      | Found a bloodstained altar of Trog.
 13105 | D:8      | Found a burning altar of Makhleb.
 13106 | D:8      | Paralysed by a gnoll for 4 turns
 13648 | D:9      | Found an iron altar of Okawaru.
 13680 | D:9      | Reached skill level 5 in Dodging
 13845 | D:8      | HP: 37/82 [yak (10)]
 13851 | D:8      | HP: 27/82 [yak (12)]
 14012 | D:8      | Reached skill level 9 in Fighting
 14012 | D:8      | Reached skill level 7 in Conjurations
 14224 | D:9      | Reached skill level 8 in Spellcasting
 14233 | D:9      | Found a flagged portal.
 14245 | Bailey   | Entered a bailey
 14300 | Bailey   | Reached XP level 10. HP: 72/91 MP: 20/22
 14764 | Bailey   | Noticed an orc knight
 14983 | Bailey   | Noticed an orc high priest
 15034 | Bailey   | Reached ** piety under Vehumet
 15034 | Bailey   | Offered knowledge of Shock by Vehumet.
 15529 | Bailey   | Killed an orc knight
 15530 | Bailey   | Reached skill level 10 in Fighting
 15530 | Bailey   | Reached skill level 6 in Dodging
 15709 | Bailey   | Found an iron altar of Okawaru.
 15740 | Bailey   | Noticed a sun demon
 15740 | Bailey   | HP: 32/93 [orc high priest/divine providence (16)]
 15741 | Bailey   | Killed an orc high priest
 15742 | Bailey   | Reached skill level 9 in Spellcasting
 16279 | Bailey   | Acquired a book of Armaments
 16285 | Bailey   | Learned a level 3 spell: Stone Arrow
 16417 | D:9      | Offered knowledge of Frozen Ramparts by Vehumet.
 16424 | D:9      | HP: 46/94 [spore (4)]
 16807 | D:9      | You fall into a shaft and drop 2 floors!
 16848 | D:10     | Entered Level 10 of the Dungeon
 16848 | D:10     | Found a runed translucent door.
 16852 | D:10     | Acquired Jeuc's Octavo of Company and Battle Magic
 16860 | D:10     | Learned a level 5 spell: Iskenderun's Battlesphere
 16864 | D:10     | Noticed mightbedylan's ghost (journeyman SpEn)
 17041 | D:10     | Got the Opusculum on Voltaic Minerals
 17055 | D:10     | Noticed a smoke demon
 17158 | D:10     | Reached XP level 11. HP: 101/101 MP: 10/24
 17162 | D:10     | Reached *** piety under Vehumet
 17163 | D:10     | Reached skill level 8 in Conjurations
 17559 | D:10     | Found a basalt altar of Yredelemnul.
 17643 | D:10     | Reached skill level 11 in Fighting
 17729 | D:10     | Found a hazy altar of Hepliaklqana.
 17990 | D:10     | Noticed a two-headed ogre
 17995 | D:10     | Offered knowledge of Airstrike by Vehumet.
 17995 | D:10     | Killed a two-headed ogre
 18012 | D:10     | Found a staircase to the Orcish Mines.
 18764 | D:9      | Noticed Erica
 18769 | D:9      | Killed Erica
 19459 | D:11     | Reached **** piety under Vehumet
 19467 | D:11     | Reached skill level 10 in Spellcasting
 19468 | D:11     | Found a staircase to the Lair.
 19593 | D:11     | Offered knowledge of Mephitic Cloud by Vehumet.
 20338 | D:12     | Noticed a boulder beetle
 20354 | D:12     | Noticed Frances
 20632 | Lair:1   | Entered Level 1 of the Lair of Beasts
 20643 | Lair:1   | Reached skill level 7 in Dodging
 20919 | Lair:1   | Reached skill level 12 in Fighting
 21251 | Lair:1   | HP: 52/105 [komodo dragon (7)]
 21644 | Lair:1   | Reached XP level 12. HP: 113/113 MP: 17/26
 21654 | Lair:1   | Reached skill level 9 in Conjurations
 21943 | Lair:1   | Reached skill level 11 in Spellcasting
 22055 | Lair:1   | HP: 54/113 [poisoned by a cane toad]
 22059 | Lair:1   | HP: 24/113 [poisoned by a cane toad]
 22060 | Lair:1   | HP: 7/113 [poisoned by a cane toad]
 22061 | Lair:1   | Reached skill level 13 in Fighting
 22063 | Lair:1   | HP: 2/172 [poisoned by a cane toad]
 22065 | Lair:1   | Succumbed to a cane toad's poison

Illustrated notes

Levels and vault maps discovered:
D:1:      elethiomel_arrival_quiet, layout_loops_ring
D:2:      layout_basic, shapermc_ecumenical_altar_mp_highgroup
D:3:      layout_basic, general_overflow_altar, mainiacjoe_overflow_alcove_2,
          minmay_ruptured, uniq_ijyb
D:4:      layout_loops_ring, kennysheep_orc_sif_temple,
          nicolae_ossuary_entry_plus, chequers_serial_rivers_micro_d
D:5:      layout_basic, nicolae_wu_jian_wuxing_cycle, vehumet_altar_wand_db,
          mainiacjoe_overflow_paths, portal_sewer_entry_b
D:6:      cheibrodos_quashed, layout_loops_cross,
          mainiacjoe_overflow_tiny_flanked, uniq_sigmund
D:7:      layout_basic, good_gods_temple_1, temple_doors_cd, uniq_joseph
D:8:      layout_loops_ring, mainiacjoe_overflow_large_starburst
D:9:      layout_layer_cave, mainiacjoe_overflow_catwalk, enter_bailey_5,
          minmay_unpleasant_kobolds, uniq_erica
D:10:     layout_gridville, amcnicky_altar_gilded, marbit_many_paths,
          david_orc_3, ebering_ghost_reflecting_pool
D:11:     cheibrodos_steamvent, layout_irregular_city,
          erik_lair_orcish_takeover, minmay_misc_feat_more_columns
D:12:     kennysheep_bubbly, layout_basic, minivault_10, uniq_frances
Lair:1:   layout_loops_ring, nzn_random_ring, grunt_megastairs_4

Skill      XL: |  1  2  3  4  5  6  7  8  9 10 11 12 |
---------------+-------------------------------------+-----
Fighting       | 1 2 3 4 5 7 9 10 12 13 | 13.0
Dodging        | 2 3 4 5 6 7 |  7.7
Spellcasting   | 3 4 5 6 8 9 10 11 | 11.3
Conjurations   | 5 6 7 8 9 |  9.2
Stealth        | |  1.7

Action                     |  1- 3 |  4- 6 |  7- 9 | 10-12 || total
---------------------------+-------+-------+-------+-------++-------
  Melee: Dagger            |    29 |    48 |    71 |    84 ||   232
         Unarmed           |     4 |       |       |       ||     4
         Tailslap          |     8 |     7 |    17 |    17 ||    49
         Short sword       |    17 |    17 |       |       ||    34
         Punch             |       |       |       |     2 ||     2
   Cast: Magic Dart        |    95 |   127 |   308 |   123 ||   653
         Searing Ray       |     1 |    12 |    24 |     6 ||    43
         Fulminant Prism   |       |       |    24 |    44 ||    68
         Iskenderun's Myst |       |       |    31 |    19 ||    50
         Inner Flame       |       |       |     5 |    15 ||    20
         Stone Arrow       |       |       |       |   138 ||   138
         Iskenderun's Batt |       |       |       |    34 ||    34
    Use: Scroll            |     7 |     3 |    13 |    16 ||    39
         Potion            |     1 |     3 |     9 |    13 ||    26
   Stab: Invisible         |       |       |     1 |       ||     1
 Armour: Skin              |    39 |    97 |   216 |   205 ||   557
  Dodge: Dodged            |    44 |    88 |   207 |   135 ||   474

Table legend: (Time is in decaauts)
 A = Elapsed time spent in this place.
 B = Non-inter-level travel time spent in this place.
 C = Inter-level travel time spent in this place.
 D = Time resting spent in this place.
 E = Time spent auto-exploring this place.
 F = Levels seen in this place.
 G = Mean time per level.
                   A        B        C        D        E       F      G
               +--------+--------+--------+--------+--------+-----+--------+
         Total |  22070 |  21757 |    313 |   7746 |  11193 |  16 | 1379.4 |
       Dungeon |  17004 |  16691 |    313 |   4791 |   9991 |  12 | 1417.0 |
          Lair |   1432 |   1432 |      0 |    406 |    820 |   1 | 1432.0 |
         Sewer |    425 |    425 |      0 |    339 |     47 |   1 |  425.0 |
       Ossuary |   1154 |   1154 |      0 |    845 |    111 |   1 | 1154.0 |
        Bailey |   2052 |   2052 |      0 |   1365 |    224 |   1 | 2052.0 |
               +--------+--------+--------+--------+--------+-----+--------+

Top non-repeatable levels by time:
     D:5: 2524 daAuts
     D:4: 2242 daAuts
  Bailey: 2052 daAuts
     D:7: 1689 daAuts
    D:10: 1509 daAuts
    D:11: 1457 daAuts
     D:1: 1446 daAuts
  Lair:1: 1432 daAuts
     D:9: 1428 daAuts
     D:8: 1423 daAuts
     D:2: 1274 daAuts
 Ossuary: 1154 daAuts
     D:3: 1060 daAuts
     D:6: 914 daAuts
   Sewer: 425 daAuts

Levels and vault maps discovered:
D:1:      elethiomel_arrival_quiet, layout_loops_ring
D:2:      layout_basic, shapermc_ecumenical_altar_mp_highgroup
D:3:      layout_basic, general_overflow_altar, mainiacjoe_overflow_alcove_2,
          minmay_ruptured, uniq_ijyb
D:4:      layout_loops_ring, kennysheep_orc_sif_temple,
          nicolae_ossuary_entry_plus, chequers_serial_rivers_micro_d
D:5:      layout_basic, nicolae_wu_jian_wuxing_cycle, vehumet_altar_wand_db,
          mainiacjoe_overflow_paths, portal_sewer_entry_b
D:6:      cheibrodos_quashed, layout_loops_cross,
          mainiacjoe_overflow_tiny_flanked, uniq_sigmund
D:7:      layout_basic, good_gods_temple_1, temple_doors_cd, uniq_joseph
D:8:      layout_loops_ring, mainiacjoe_overflow_large_starburst
D:9:      layout_layer_cave, mainiacjoe_overflow_catwalk, enter_bailey_5,
          minmay_unpleasant_kobolds, uniq_erica
D:10:     layout_gridville, amcnicky_altar_gilded, marbit_many_paths,
          david_orc_3, ebering_ghost_reflecting_pool
D:11:     cheibrodos_steamvent, layout_irregular_city,
          erik_lair_orcish_takeover, minmay_misc_feat_more_columns
D:12:     kennysheep_bubbly, layout_basic, minivault_10, uniq_frances
Lair:1:   layout_loops_ring, nzn_random_ring, grunt_megastairs_4

Table legend: (Time is in decaauts)
 A = Elapsed time spent in this place.
 B = Non-inter-level travel time spent in this place.
 C = Inter-level travel time spent in this place.
 D = Time resting spent in this place.
 E = Time spent auto-exploring this place.
 F = Levels seen in this place.
 G = Mean time per level.
                   A        B        C        D        E       F      G
               +--------+--------+--------+--------+--------+-----+--------+
         Total |  22070 |  21757 |    313 |   7746 |  11193 |  16 | 1379.4 |
       Dungeon |  17004 |  16691 |    313 |   4791 |   9991 |  12 | 1417.0 |
          Lair |   1432 |   1432 |      0 |    406 |    820 |   1 | 1432.0 |
         Sewer |    425 |    425 |      0 |    339 |     47 |   1 |  425.0 |
       Ossuary |   1154 |   1154 |      0 |    845 |    111 |   1 | 1154.0 |
        Bailey |   2052 |   2052 |      0 |   1365 |    224 |   1 | 2052.0 |
               +--------+--------+--------+--------+--------+-----+--------+

Top non-repeatable levels by time:
     D:5: 2524 daAuts
     D:4: 2242 daAuts
  Bailey: 2052 daAuts
     D:7: 1689 daAuts
    D:10: 1509 daAuts
    D:11: 1457 daAuts
     D:1: 1446 daAuts
  Lair:1: 1432 daAuts
     D:9: 1428 daAuts
     D:8: 1423 daAuts
     D:2: 1274 daAuts
 Ossuary: 1154 daAuts
     D:3: 1060 daAuts
     D:6: 914 daAuts
   Sewer: 425 daAuts

Table legend:
 A = Kills in this place as a percentage of kills in the entire game.
 B = Kills by you in this place as a percentage of kills by you in the entire game.
 C = Kills by friends in this place as a percentage of kills by friends in the entire game.
 D = Other kills in this place as a percentage of other kills in the entire game.
 E = Experience gained in this place as a percentage of experience gained in the entire game.
 F = Experience gained in this place divided by the number of levels of this place that you have seen.
                   A       B       C       D       E      F
               +-------+-------+-------+-------+-------+----------------------
         Total | 100.0 | 100.0 | 100.0 |   N/A | 100.0 | 1658.3
       Dungeon |  70.8 |  70.7 | 100.0 |   N/A |  45.1 | 996.8
          Lair |  10.2 |  10.2 |   0.0 |   N/A |  38.9 | 10328.0
         Sewer |   1.6 |   1.6 |   0.0 |   N/A |   0.2 |  49.0
       Ossuary |   6.3 |   6.3 |   0.0 |   N/A |   1.5 | 385.0
        Bailey |  11.2 |  11.3 |   0.0 |   N/A |  14.4 | 3809.0
               +-------+-------+-------+-------+-------+----------------------
